 Dungeon Crawl Stone Soup version 0.29-a0-393-g47a863cc1b (webtiles) character file.

Game seed: 2910454064755597888

2444 Arashni the Carver (level 9, -6/75 HPs)
             Began as a Grey Draconian Chaos Knight on May 11, 2022.
             Was a Plaything of Xom.
             Mangled by a killer bee (7 damage)
             ... on level 8 of the Dungeon.
             The game lasted 00:34:24 (5692 turns).

Arashni the Carver (Grey Draconian Chaos Knight)    Turns: 5692, Time: 00:34:25

Health: -6/75      AC: 12    Str: 25    XL:     9   Next: 25%
Magic:  0/12       EV: 13    Int: 14    God:    Xom [....*.]
Gold:   221        SH:  5    Dex: 11    Spells: 11/12 levels left

rFire   . . .      SeeInvis .   a - +1 falchion (chaos)
rCold   + + .      Faith    .   u - +2 buckler
rNeg    . . .      Spirit   +   (body armour unavailable)
rPois   .          Reflect  .   (helmet restricted)
rElec   .          Harm     .   (no cloak)
rCorr   .          Rampage  .   (no gloves)
Will    +....      NoTele   +   (no boots)
Stlth   +++.......              l - amulet "Opatsoso" {Spirit -Tele rC++ Int+2}
HPRegen 0.22/turn               g - +6 ring of strength
MPRegen 0.13/turn               q - ring of willpower

@: lethally poisoned (-6 -> -15), cleaving
A: AC +12, amphibious, unfitting armour, cold-blooded
a: Renounce Religion


You were on level 8 of the Dungeon.
You worshipped Xom.
You were a beloved toy of Xom.
You visited 1 branch of the dungeon, and saw 8 of its levels.

You collected 221 gold pieces.

Inventory:

Hand Weapons
 a - a +1 falchion of chaos (weapon)
 h - a +0 short sword of flaming
Armour
 s - +0 fire dragon scales
 u - a +2 buckler (worn)
Jewellery
 g - a +6 ring of strength (left hand)
 l - the amulet "Opatsoso" (around neck) {Spirit -Tele rC++ Int+2}
   (You found it on level 4 of the Dungeon)

   [amulet of guardian spirit]

   It causes incoming damage to be divided between your reserves of health and
   magic.
   Int:       It affects your intelligence (+2).
   rC:        It greatly protects you from cold.
   -Tele:     It prevents most forms of teleportation.
 n - a ring of ice
 q - a ring of willpower (right hand)
 r - a ring of ice
Wands
 d - a wand of charming (11)
Scrolls
 c - a scroll of amnesia
 e - a scroll of fog
 f - a scroll of immolation {unknown}
 o - 2 scrolls of blinking
Potions
 i - a potion of brilliance {unknown}
 j - a potion of might {unknown}
 k - a potion of lignification
 p - 2 potions of resistance
Miscellaneous
 b - a piece from Xom's chessboard (15/15) (quivered)
 m - a piece from Xom's chessboard (15/15)


   Skills:
 + Level 5.8 Fighting
 + Level 8.3 Long Blades
 + Level 5.6 Dodging
 + Level 5.0 Stealth
 + Level 0.2 Shields
 + Level 2.1 Spellcasting
 + Level 1.9 Conjurations
 + Level 1.3 Air Magic


You had 11 spell levels left.
You knew the following spells:

 Your Spells              Type           Power      Damage    Failure   Level
a - Shock                 Conj/Air       24%        1d4       17%         1

Your spell library contained the following spells:

 Spells                   Type           Power      Damage    Failure   Level
 Corpse Rot               Necr/Air       6%         N/A       36%         2
 Swiftness                Air            5%         N/A       50%         3
 Frozen Ramparts          Ice            2%         1d2       67%         3
 Inner Flame              Hex/Fire       1%         N/A       67%         3
 Airstrike                Air            2%         N/A       88%         4
 Animate Dead             Necr           0%         N/A       97%         4
 Cause Fear               Hex            0%         N/A       97%         4
 Dispel Undead            Necr           1%         3d6       97%         4
 Ice Form                 Ice/Tmut       1%         N/A       97%         4
 Leda's Liquefaction      Hex/Erth       0%         N/A       97%         4
 Summon Ice Beast         Ice/Summ       1%         N/A       97%         4
 Lee's Rapid Deconstruct  Erth           0%         3d5*      100%        5
 Death Channel            Necr           0%         N/A       100%        6
 Statue Form              Tmut/Erth      0%         N/A       100%        6
 Haunt                    Necr/Summ      0%         N/A       100%        7
 Discord                  Hex            0%         N/A       100%        8
 Infestation              Necr           0%         N/A       100%        8


Dungeon Overview and Level Annotations

Branches:
Dungeon (9/15)             Temple (0/1) D:7
   Lair: D:8-11         Orc: D:9-12

Altars:
Nemelex Xobeh
Sif Muna
Trog
Xom

Shops:
D:4 (   D:6 :

Annotations:
D:3 3 runed translucent doors, hquester's ghost, amateur DrCj
D:7 2 transporters, Taurus's ghost, novice DECj
D:8 Joseph


Innate Abilities, Weirdness & Mutations

Your dull iron-grey scales are very hard. (AC +12)
You are amphibious.
You cannot fit into any form of body armour.
You are cold-blooded and may be slowed by cold attacks.


Message History

You feel sick.
You are no longer poisoned.
Something stings you.
* * * LOW HITPOINT WARNING * * *
You block the killer bee's attack. Something stings you!
* * * LOW HITPOINT WARNING * * *
You miss the killer bee.
The killer bee is lightly wounded.
You slash something! You hit the killer bee.
You feel better.
You barely miss the killer bee.
The killer bee stings you but does no damage. x2
The killer bee barely misses you.
Something stings you but does no damage.
The killer bee stings you but does no damage. x2
The killer bee closely misses you. The killer bee completely misses you.
Something barely misses you.
You cannot blink because you are wearing the amulet "Opatsoso" {Spirit -Tele rC++ Int+2}.
A killer bee appears from thin air!
Reactivating autopickup.
The killer bee barely misses you. The killer bee closely misses you.
The killer bee barely misses you. The killer bee misses you.
The killer bee stings you but does no damage.
Keep disrobing? [Y]es or [N]o only, please.
Keep disrobing?
Uppercase [Y]es or [N]o only, please.
Keep disrobing?
You block the killer bee's attack. x3; The killer bee completely misses you.
The killer bee barely misses you. The killer bee closely misses you.
You start removing your amulet.
You continue taking off the amulet "Opatsoso" {Spirit -Tele rC++ Int+2}.
The killer bee stings you.
* * * LOW HITPOINT WARNING * * *
The killer bee stings you!
* * * LOW HITPOINT WARNING * * *
You are lethally poisoned!
The killer bee poisons you! The killer bee closely misses you.
The killer bee barely misses you. The killer bee stings you!
You die...
Xom giggles madly!

............... #.......
...............### #.......
#..........................
##.......F.................
##...KKggg.............#..
#.....y..#............#..
+.#..g####.....###....#..
###.gg#yy......# #.@..#..
#...Ky@......###....###
#....gyy.............###
#.....K...............#.
#.......###...........#.
#.......# ............
#......## #.......#..
#......# .......#..
#....... ..........
..........


You could see a kobold brigand, a gnoll shaman, 5 killer bees, 2 gnolls and a
kobold.

Vanquished Creatures
  2 wyverns
  A hog (shapeshifter) (D:8)
  4 yaks
  An ice beast (D:7)
  A black bear (D:6)
  A tengu (D:8)
  An ogre (D:6)
  2 centaurs (D:6)
  3 bullfrogs
  2 scorpions
  5 wights (D:6)
  A hound (D:6)
  A jelly (D:7)
  4 iguanas
  Robin (D:3)
  4 gnolls (D:8)
  2 adders
  A shadow imp (D:7)
  An ufetubus (D:7)
  A worm (D:3)
  3 dart slugs
  3 orcs
  5 bats
  6 endoplasms
  A giant cockroach (D:2)
  9 goblins (D:3)
  7 hobgoblins
  2 jackals (D:3)
  6 quokkas
  9 ball pythons
  2 frilled lizards
  6 kobolds
  13 rats
111 creatures vanquished.

Vanquished Creatures (collateral kills)
  A goblin (D:3)
  A hobgoblin (D:3)
2 creatures vanquished.

Grand Total: 113 creatures vanquished

Notes
Turn   | Place    | Note
-------+----------+-------------------------------------------
     0 | D:1      | Arashni the Draconian Chaos Knight began the quest for the
                  | Orb.
     0 | D:1      | Reached XP level 1. HP: 19/19 MP: 1/1
   272 | D:1      | XOM: divination: magic mapping
   313 | D:1      | XOM: silly message
   337 | D:1      | Reached XP level 2. HP: 23/26 MP: 2/2
   500 | D:1      | XOM: silly message
  1263 | D:2      | Found a faded altar of an unknown god.
  1328 | D:2      | Reached XP level 3. HP: 26/33 MP: 3/3
  1663 | D:2      | XOM: divination: magic mapping
  1686 | D:2      | Learned a level 1 spell: Shock
  2098 | D:3      | Found a runed translucent gate.
  2105 | D:3      | Found a runed translucent gate.
  2106 | D:3      | Found a runed translucent gate.
  2107 | D:3      | Noticed hquester's ghost (amateur DrCj)
  2145 | D:3      | XOM: cloud trail
  2189 | D:3      | Found a sparkling altar of Nemelex Xobeh.
  2196 | D:3      | Reached skill level 4 in Long Blades
  2205 | D:3      | Found a bloodstained altar of Trog.
  2214 | D:3      | XOM: cast spell 'Olgreb's Toxic Radiance'
  2280 | D:3      | Reached XP level 4. HP: 7/40 MP: 4/4
  2386 | D:3      | XOM: god gift: scroll of fog
  2759 | D:3      | XOM: silly message
  2860 | D:3      | Noticed Robin
  2863 | D:3      | XOM: summons friendly white imp
  2874 | D:3      | Killed Robin
  2939 | D:3      | XOM: scenery: create altars
  3160 | D:4      | Identified the amulet "Opatsoso" {Spirit -Tele rC++ Int+2}
  3189 | D:4      | XOM: confuse monster(s)
  3292 | D:4      | Found a shimmering blue altar of Sif Muna.
  3476 | D:4      | Noticed a scorpion
  3486 | D:4      | Killed a scorpion
  3487 | D:4      | Reached XP level 5. HP: 43/46 MP: 5/5
  3501 | D:4      | XOM: silly message
  3542 | D:4      | Found Luomiusk's Antique Weapon Emporium.
  3587 | D:4      | You fall into a shaft and drop 2 floors!
  3609 | D:6      | Found Yrosh's Book Shoppe.
  3643 | D:6      | Reached skill level 1 in Stealth
  3656 | D:6      | XOM: silly message
  3670 | D:6      | Reached skill level 5 in Long Blades
  3670 | D:6      | Reached XP level 6. HP: 41/52 MP: 1/6
  3745 | D:6      | XOM: potion effect (berserk rage)
  3779 | D:6      | Reached skill level 1 in Spellcasting
  3911 | D:6      | Reached skill level 1 in Conjurations
  3920 | D:6      | Your scales start taking on a dull iron-grey colour.
  3920 | D:6      | Reached XP level 7. HP: 47/60 MP: 8/8
  3941 | D:6      | XOM: silly message
  4024 | D:6      | XOM: divination: magic mapping
  4028 | D:6      | XOM: cast spell 'Summon Small Mammal'
  4029 | D:6      | XOM: enchant monster (good)
  4054 | D:6      | XOM: enchant monster (good)
  4116 | D:6      | XOM: divination: detect creatures
  4117 | D:6      | Reached skill level 6 in Long Blades
  4152 | D:6      | Reached XP level 8. HP: 31/67 MP: 10/10
  4442 | D:7      | Found a staircase to the Ecumenical Temple.
  4444 | D:7      | XOM: cloud trail
  4460 | D:7      | Reached skill level 5 in Fighting
  4460 | D:7      | Reached skill level 1 in Air Magic
  4469 | D:7      | Found a transporter.
  4471 | D:7      | Noticed a cane toad
  4472 | D:7      | Found a transporter.
  4472 | D:7      | Noticed Taurus's ghost (novice DECj)
  4472 | D:7      | Noticed a culicivora
  4472 | D:7      | a cane toad changed into a culicivora
  4479 | D:7      | Noticed a moth of wrath
  4479 | D:7      | a culicivora changed into a moth of wrath
  4784 | D:7      | Noticed an anaconda
  4822 | D:7      | Reached skill level 7 in Long Blades
  4889 | D:7      | Noticed a slime creature
  5221 | D:8      | XOM: cast spell 'Cause Fear'
  5253 | D:8      | XOM: swap monsters
  5270 | D:8      | Reached skill level 5 in Dodging
  5276 | D:8      | XOM: fog
  5294 | D:8      | XOM: confuse monster(s)
  5298 | D:8      | XOM: cleaving
  5300 | D:8      | XOM: cast spell 'Dispersal'
  5340 | D:8      | Reached XP level 9. HP: 62/74 MP: 10/12
  5406 | D:8      | XOM: silly message
  5424 | D:8      | Noticed Joseph
  5487 | D:8      | Noticed a glowing shapeshifter
  5487 | D:8      | a hornet changed into a glowing shapeshifter
  5487 | D:8      | Noticed a lindwurm
  5487 | D:8      | a glowing shapeshifter changed into a lindwurm
  5489 | D:8      | Noticed a komodo dragon
  5489 | D:8      | a lindwurm changed into a komodo dragon
  5496 | D:8      | a komodo dragon changed into a hog
  5500 | D:8      | Reached skill level 8 in Long Blades
  5624 | D:8      | XOM: torment (44/75 hp)
  5630 | D:8      | XOM: enchant monster (good)
  5659 | D:9      | XOM: cleaving
  5670 | D:9      | Reached skill level 5 in Stealth
  5674 | D:9      | XOM: summons 3 hostile demons
  5679 | D:8      | XOM: cleaving
  5682 | D:8      | XOM: smoke on damage
  5692 | D:8      | HP: 1/75 [killer bee (6)]
  5692 | D:8      | Mangled by a killer bee

Illustrated notes

Levels and vault maps discovered:
D:1:      lightli_arrival_statuegarden, layout_basic, minmay_tripent
D:2:      layout_loops_cross, chequers_ecumenical_altar_grove
D:3:      layout_rooms, nemelex_xobeh_ov_fountains_minmay,
          mainiacjoe_overflow_chevrons, ebering_ghost_rock_garden, hex_large,
          uniq_robin
D:4:      layout_basic, mainiacjoe_overflow_24_doors, serial_shops,
          kennysheep_little_box, minivault_11, uniq_duvessa
D:6:      layout_loops_ring, serial_shops, shop, minmay_manual_moon
D:7:      layout_rooms, minmay_temple_entry_tees, gammafunk_ghost_arena,
          minivault_23, hellmonk_bongcloud_opening
D:8:      layout_basic, grunt_qazlal_sundering, kennysheep_small_circle,
          uniq_joseph
D:9:      layout_layer_cave, grunt_lair_entry_orc_guard_hut, uniq_erolcha

Skill      XL: |  1  2  3  4  5  6  7  8  9 |
---------------+----------------------------+-----
Long Blades    | 4 5 6 7 8 |  8.3
Fighting       | 4 5 |  5.8
Dodging        | 3 4 5 |  5.6
Stealth        | 1 3 4 5 |  5.0
Spellcasting   | 1 2 |  2.1
Conjurations   | 1 |  1.9
Air Magic      | 1 |  1.3
Shields        | |  0.2

Action                   |  1- 3 |  4- 6 |  7- 9 || total
-------------------------+-------+-------+-------++-------
Melee: Falchion          |   142 |    70 |   196 ||   408
       Tailslap          |     8 |    13 |    36 ||    57
       Punch             |     2 |     1 |     5 ||     8
 Cast: Shock             |     5 |    13 |    15 ||    33
  Use: Scroll            |     4 |     4 |     1 ||     9
       Potion            |     2 |       |     2 ||     4
 Stab: Sleeping          |     1 |     1 |     1 ||     3
       Petrified         |       |       |    10 ||    10
       Confused          |       |       |     2 ||     2
Armor: Skin              |    50 |    32 |   115 ||   197
Dodge: Dodged            |    93 |    80 |   155 ||   328
Block: Buckler           |       |       |    29 ||    29

Table legend: (Time is in decaauts)
 A = Elapsed time spent in this place.
 B = Non-inter-level travel time spent in this place.
 C = Inter-level travel time spent in this place.
 D = Time resting spent in this place.
 E = Time spent auto-exploring this place.
 F = Levels seen in this place.
 G = Mean time per level.
                   A        B        C        D        E       F      G
               +--------+--------+--------+--------+--------+-----+--------+
         Total |   5721 |   5670 |     51 |      0 |   2979 |   8 |  715.1 |
       Dungeon |   5721 |   5670 |     51 |      0 |   2979 |   8 |  715.1 |
               +--------+--------+--------+--------+--------+-----+--------+

Top non-repeatable levels by time:
     D:1: 1164 daAuts
     D:3: 1124 daAuts
     D:2: 884 daAuts
     D:6: 805 daAuts
     D:8: 642 daAuts
     D:7: 632 daAuts
     D:4: 439 daAuts
     D:9: 29 daAuts
